 Dungeon Crawl Stone Soup version 0.24-a0-521-g122614bf49 (webtiles) character file.

Game seed: 742552047969869454

175 mishael the Skirmisher (level 5, -5/47 HPs)
             Began as a Draconian Fighter on July 28, 2019.
             Was an Initiate of Okawaru.
             Shot with an arrow by a centaur (9 damage)
             ... on level 4 of the Dungeon.
             The game lasted 00:06:33 (2941 turns).

mishael the Skirmisher (Draconian Fighter)          Turns: 2941, Time: 00:06:34

Health: -5/47      AC:  6    Str: 19    XL:     5   Next: 29%
Magic:  5/5        EV: 10    Int:  8    God:    Okawaru [......]
Gold:   168        SH:  9    Dex: 11    Spells: 4/4 levels left

rFire    . . .     SeeInvis .   a - +0 war axe
rCold    . . .     Gourm    .   b - +0 shield
rNeg     + . .     Faith    .   (armour unavailable)
rPois    .         Spirit   .   (helmet restricted)
rElec    .         Reflect  .   g - +0 cloak
rCorr    .         Harm     .   (no gloves)
MR       .....                  (no boots)
Stlth    +.........             (no amulet)
HPRegen  0.15/turn              i - ring of positive energy
MPRegen  0.09/turn              (no ring)

@: no status effects
A: unfitting armour, cold-blooded, AC +5
a: Renounce Religion


You were on level 4 of the Dungeon.
You worshipped Okawaru.
Okawaru was noncommittal.
You were near starving.

You visited 1 branch of the dungeon, and saw 4 of its levels.

You collected 168 gold pieces.

Inventory:

Hand Weapons
 a - a +0 war axe (weapon)
Missiles
 o - 5 poisoned darts (quivered)
 s - 6 curare-tipped darts
Armour
 b - a +0 shield (worn)
 g - a +0 cloak (worn)
Jewellery
 i - a ring of positive energy (left hand)
 n - a +6 amulet of reflection {unknown}
 r - a cursed -3 ring of strength {unknown}
Wands
 u - a wand of random effects (19)
Scrolls
 f - a scroll of remove curse {unknown}
 j - 4 scrolls of identify {unknown}
 k - a scroll of fear {unknown}
 l - 2 scrolls of blinking {unknown}
 q - a scroll of magic mapping {unknown}
 t - a scroll of fog {unknown}
Potions
 c - 2 potions of might
 e - a potion of heal wounds {unknown}
 h - a potion of flight {unknown}
 m - a potion of experience {unknown}
 p - 2 potions of magic {unknown}
Comestibles
 d - 7 rations


   Skills:
 + Level 4.3 Fighting
 * Level 4.2 Axes
 - Level 2.6 Dodging
 + Level 3.9 Shields


You had 4 spell levels left.
You didn't know any spells.
Your spell library was empty.

Dungeon Overview and Level Annotations

Branches:
Dungeon (4/15)
 Temple: D:4-7

Altars:
Okawaru
Trog
Yredelemnul

Annotations:
D:3 1 runed translucent door, hitsuchi's ghost, amateur MfGl


Innate Abilities, Weirdness & Mutations

Your plain brown scales are hard. (AC +5)
You cannot fit into any form of body armour.
You are cold-blooded and may be slowed by cold attacks.


Message History

A centaur comes into view.
The centaur shouts!
The centaur wields a +1 shortbow of freezing.
It is covered in frost.
The centaur shoots an arrow.
The arrow barely misses you.
Things that are here:
a +0 shortbow; 15 arrows The centaur shoots an arrow.
The arrow hits you!
You feel yourself slow down. The arrow freezes you.
You see here an arrow.
The centaur shoots an arrow.
The arrow hits you!
* * * LOW HITPOINT WARNING * * *
The arrow freezes you.
* * * LOW HITPOINT WARNING * * *
The centaur shoots an arrow.
The arrow hits you but does no damage.
You see here an arrow.
You feel yourself speed up.
The centaur shoots an arrow.
You block the arrow.
The centaur shoots an arrow.
The arrow hits you!
You die...

#......#.#
#......#.# #
+...(..#.# .#
#......#.#..#
#......#c#..#
#......#....#..
#....).#.......
#######c#).#
#..@((..#.##
#.#######(#
#.#<..# #..
#.###.# #.# #.#
#.# #l# #.###.#
#.. #.....# ##.
#######


You could see a centaur.

Vanquished Creatures
  A centaur (D:4)
  2 adders (D:3)
  An ooze (D:1)
  An adder zombie (D:3)
  3 dart slugs
  2 leopard geckos (D:1)
  2 orcs
  2 ball pythons (D:3)
  4 bats
  7 hobgoblins
  3 jackals (D:1)
  9 kobolds
  3 quokkas
  5 frilled lizards
  7 goblins
  8 rats
60 creatures vanquished.

Notes
Turn   | Place    | Note
-------+----------+-------------------------------------------
     0 | D:1      | mishael the Draconian Fighter began the quest for the Orb.
     0 | D:1      | Reached XP level 1. HP: 19/19 MP: 1/1
    26 | D:1      | Reached XP level 2. HP: 26/26 MP: 2/2
   584 | D:1      | Reached XP level 3. HP: 28/33 MP: 3/3
  1421 | D:2      | Found a bloodstained altar of Trog.
  1798 | D:3      | Reached XP level 4. HP: 40/40 MP: 4/4
  1929 | D:3      | Found an iron altar of Okawaru.
  1986 | D:3      | Found a runed translucent door.
  1986 | D:3      | Noticed a bullfrog
  1988 | D:3      | Noticed hitsuchi's ghost (amateur MfGl)
  2223 | D:3      | Found a basalt altar of Yredelemnul.
  2717 | D:4      | Noticed an ogre
  2827 | D:3      | Became a worshipper of Warmaster Okawaru
  2926 | D:4      | Noticed a centaur
  2932 | D:4      | Killed a centaur
  2932 | D:4      | Reached XP level 5. HP: 28/47 MP: 5/5
  2935 | D:4      | Noticed a centaur
  2941 | D:4      | Shot with an arrow by a centaur

Levels and vault maps discovered:
D:1:      beargit_arrival_greenhouse, layout_basic, hex_tiny
D:2:      layout_basic, bloody_trog, kennysheep_nondescript, hex_intersection,
          roderic_malta_cross, chequers_serial_rivers_room_a
D:3:      layout_loops_corners, okawaru_trees_1, lemuel_coloured_pillars_altar,
          ebering_ghost_sewer_d
D:4:      minmay_general_purpose_star, layout_basic, first_ration,
          minmay_manual_mares

Skill      XL: |  1  2  3  4 |
---------------+-------------+-----
Axes           | 3 4 |  4.2
Fighting       | 4 |  4.3
Dodging        | |  2.6
Shields        | |  3.9

Action                   |  1- 3 |  4- 6 || total
-------------------------+-------+-------++-------
Melee: War axe           |   142 |    34 ||   176
       Tailslap          |     7 |     3 ||    10
  Eat: Chunk             |     2 |     3 ||     5
Armor: Skin              |    37 |     9 ||    46
Dodge: Dodged            |    61 |    13 ||    74
Block: Shield            |    91 |    21 ||   112

Table legend:
 A = Non-vault XP
 B = Vault XP
 C = Vault XP percentage of total XP
 D = Non-vault monster count
 E = Vault monster count
 F = Vault count percentage of total count
                 A         B        C        D         E       F
            +---------+---------+-------+---------+---------+-------
      Total |     142 |     108 |  43.2 |      59 |       1 |   1.7
            +---------+---------+-------+---------+---------+-------
        D:1 |      52 |       0 |   0.0 |      25 |       0 |   0.0
        D:2 |      30 |       0 |   0.0 |      18 |       0 |   0.0
        D:3 |      51 |       0 |   0.0 |      13 |       0 |   0.0
        D:4 |       9 |     108 |  92.3 |       3 |       1 |  25.0
            +---------+---------+-------+---------+---------+-------
